cohdb
Replays
Latest Replays
All Replays
Popular Replays
Top Player Replays
Match Explorer
How It Works
Community
CoH3 Stats
Reddit
Sign in to upload your games and track your stats! →
Sign in with Steam
Match 44490529
Unlisted
Match 44490529
Overview
Messages
Build Orders
End
Kradschützen Motorcycle Team
Panzergrenadier Squad
Panzergrenadier Squad
Panzergrenadier Squad
Construct Light Support Kompanie
2.5-tonne Medical Truck
Fire Support Elements
Selects Panzerjäger Kommand Battlegroup
Selects Mine Fields
Selects Tank Busters
Panzerjäger Mechanized Group
Flakvierling Half-track
le.IG 18 Support Gun Team
Selects Defensive Positions
Selects Crew Shock Tactics
Selects Butterfly Bomb Drop
Veteran Squad Leaders
Construct Panzerarmee Kommand
Panzerjäger Mechanized Group
Panzer III L Medium Tank
Panzerjäger Squad
Selects Elefant Tank Destroyer
Clock Sucker
Harleeekin
Arturokq
Carolus
0
0
Comments
sign in to comment!
No comments posted yet!